Map: Ulrena

Players

lesha - Winner!

  • Race: Terran Terran

A.I. 1 (Hard)

  • Race: Terran Terran

VOD

Have the link to the VOD?

Description

Time

  • Played on: Dec. 2, 2015, 11:19 a.m.
  • Length: 12:44
Show
View Real Time Build Order
Export as new Build Order

lesha Terran - Winner!

Build Orders: MMM Bio 

Get SALT Encoding   

  12  0:02  SCV  
  13  0:14  SCV  
  13  0:18  Supply Depot  
  14  0:26  SCV  
  15  0:40  SCV  
  15  0:41  Barracks  
  16  0:52  SCV  
  17  1:04  SCV  
  18  1:16  SCV  
  19  1:25  Command Center  
  19  1:29  Orbital Command  
  19  1:35  Marine  
  20  1:40  Refinery  
  20  1:43  Refinery  
  20  2:03  SCV  
  20  2:11  Marine  
  21  2:17  SCV  
  22  2:25  Supply Depot  
  22  2:29  SCV  
  23  2:36  Barracks  
  23  2:37  Marine  
  23  2:41  SCV  
  23  2:43  Orbital Command  
  25  2:53  SCV  
  26  3:05  Marine  
  27  3:21  SCV x2  
  27  3:23  Factory  
  29  3:27  Bunker  
  29  3:29  Barracks Tech Lab, Bunker  
  29  3:33  SCV  
  29  3:34  SCV  
  31  3:38  Barracks Reactor  
  31  3:52  Barracks  
  31  3:54  Barracks  
  31  4:03  SCV x2  
  31  4:05  Engineering Bay x2  
  33  4:10  Marine  
  33  4:15  SCV  
  35  4:21  Starport  
  35  4:28  Marine  
  36  4:31  Starport  
  36  4:33  Refinery  
  36  4:35  Refinery, Marine x2  
  38  4:44  Factory Reactor  
  38  4:46  Marauder  
  38  4:47  Barracks Reactor  
  38  4:48  Barracks Reactor  
  38  4:50  Stimpack  
  40  4:52  Terran Infantry Weapons Level 1  
  40  5:08  Marauder  
  40  5:09  SCV x2  
  44  5:18  Supply Depot  
  44  5:19  Supply Depot  
  44  5:21  SCV x2, Supply Depot x2  
  45  5:22  Starport Reactor  
  45  5:23  Starport Reactor  
  46  5:40  SCV x2, Marine  
  49  5:47  Missile Turret  
  49  5:50  Missile Turret  
  49  5:52  SCV x2, Missile Turret  
  51  6:00  Medivac x3  
  51  6:02  Medivac  
  59  6:06  SCV x2  
  61  6:22  Supply Depot  
  61  6:38  Armory  
  61  6:45  Supply Depot  
  61  6:54  Barracks x2  
  61  6:55  Barracks  
  61  6:57  Barracks  
  61  6:58  Barracks  
  56  7:08  Supply Depot  
  56  7:14  Marine  
  56  7:15  Marine x3  
  60  7:23  Marine x2  
  60  7:24  Marine  
  60  7:25  Medivac x2  
  60  7:26  Medivac x2  
  71  7:32  SCV x2  
  73  7:44  SCV x2  
  75  7:55  Command Center  
  75  8:00  Marine x4  
  75  8:02  Barracks Reactor x2  
  75  8:03  Barracks Reactor x2  
  75  8:04  Barracks Reactor  
  79  8:05  Terran Infantry Weapons Level 2  
  79  8:07  Terran Infantry Armor Level 1  
  79  8:15  Supply Depot  
  79  8:35  Marine x3  
  79  8:36  Marine x4  
  79  8:38  Medivac x4  
  79  8:39  Supply Depot  
  94  8:44  Marine x7  
  94  8:45  Marine x3  
  104  8:53  Marine x4  
  104  8:54  Marine  
  109  8:56  Supply Depot  
  109  9:01  Supply Depot x2  
  109  9:02  Supply Depot, SCV x2  
  111  9:09  Marauder  
  113  9:12  Marine x2  
  113  9:13  Marine  
  113  9:14  SCV x2  
  118  9:26  SCV  
  118  9:27  SCV  
  118  9:30  Marine x3  
  118  9:31  Marauder, Marine x7  
  127  9:32  Marine  
  127  9:37  Orbital Command  
  133  9:43  Refinery  
  133  9:51  Combat Shields  
  133  10:06  Refinery  
  133  10:24  Marine x3  
  133  10:25  Marine x6  
  133  10:26  Marine x5  
  133  10:27  Medivac  
  133  10:28  Medivac x2  
  153  10:33  Command Center  
  153  10:41  SCV x3  
  156  10:53  SCV x3  
  137  11:29  Marine x5  
  137  11:30  Marine x6  
  137  11:31  Marine x6  
  137  11:32  Widow Mine  
  156  11:33  Medivac x2  
  156  11:34  Medivac x2  
  162  11:52  Orbital Command  
  162  11:55  SCV x3  
  164  12:03  Medivac x2  
  164  12:04  Medivac x2  
  164  12:07  SCV  
  164  12:08  SCV x2  
  175  12:19  SCV, Marine x2  
  175  12:20  SCV x2  
Show
View Real Time Build Order
Export as new Build Order

A.I. 1 (Hard) Terran 

Build Orders: MMM Bio 

Get SALT Encoding   

  12  0:00  SCV  
  13  0:13  SCV  
  14  0:20  Supply Depot  
  14  0:25  SCV  
  15  0:41  SCV  
  16  0:44  Barracks  
  16  0:50  Refinery  
  16  0:53  SCV  
  17  1:06  SCV  
  18  1:18  SCV  
  19  1:21  Supply Depot  
  19  1:30  SCV  
  19  1:32  Marine  
  21  1:42  Barracks  
  21  1:43  Orbital Command  
  21  1:49  Refinery  
  21  1:51  Barracks Tech Lab  
  21  2:07  Supply Depot  
  21  2:09  Marine  
  22  2:26  Marine  
  23  2:31  Marine  
  24  2:42  Supply Depot  
  24  2:44  Marine  
  24  2:51  Marine  
  26  3:02  Marine  
  27  3:11  Marine  
  28  3:16  Supply Depot  
  28  3:19  SCV  
  29  3:21  Marauder  
  31  3:31  SCV, Marine  
  31  3:32  Engineering Bay  
  33  3:42  Marine  
  33  3:43  SCV  
  35  3:55  SCV  
  36  4:01  Marauder  
  38  4:07  SCV  
  39  4:19  SCV  
  39  4:22  Marauder  
  42  4:43  Marauder  
  44  5:05  Marauder  
  46  5:26  Marauder  
  48  6:31  Barracks Tech Lab  
  48  6:32  Terran Infantry Weapons Level 1, Stimpack  
  48  6:34  Factory  
  48  6:37  Factory  
  48  6:39  Command Center, Supply Depot  
  48  6:40  Missile Turret  
  48  6:41  Missile Turret  
  48  6:44  Barracks  
  48  6:48  Combat Shields  
  48  6:56  Marine  
  41  7:02  Bunker  
  41  7:04  Supply Depot  
  41  7:05  Marine  
  32  7:14  Marine  
  29  7:19  Factory Tech Lab  
  29  7:20  Starport  
  29  7:21  Widow Mine  
  31  7:23  Starport  
  31  7:30  Marine  
  32  7:39  Marine  
  33  7:47  Marine  
  33  7:51  Factory Tech Lab, SCV  
  34  7:53  SCV  
  34  7:56  Marine  
  37  8:03  SCV  
  37  8:04  Refinery  
  37  8:05  SCV, Marine  
  40  8:06  Missile Turret  
  40  8:09  Sensor Tower, Missile Turret  
  40  8:13  Marine, Refinery, Starport Tech Lab x2  
  40  8:15  Armory, SCV  
  40  8:17  SCV  
  43  8:22  Marauder  
  43  8:26  Terran Infantry Armor Level 1  
  45  8:28  SCV  
  45  8:29  SCV  
  45  8:30  Bunker  
  45  8:31  Raven, Marauder  
  45  8:32  Barracks Reactor  
  45  8:33  Raven  
  53  8:39  Siege Tank  
  53  8:40  SCV  
  57  8:41  SCV  
  57  8:47  Widow Mine  
  60  8:52  SCV  
  60  8:53  SCV  
  62  8:56  Concussive Shells  
  62  8:57  Marauder  
  64  9:04  SCV  
  64  9:05  SCV  
  66  9:11  Siege Tank  
  69  10:52  Banshee, Medivac  
  69  10:54  Supply Depot  
  74  10:57  Marine  
  74  11:00  Command Center, Engineering Bay  
  74  11:01  Marine  
  74  11:03  Ghost Academy  
  59  11:05  Marine  
  57  11:14  Marine  
  57  11:15  Marauder  
  57  11:17  Supply Depot  
  60  11:19  Marine  
  60  11:22  Raven  
  60  11:23  Marine  
  64  11:27  Hellion, Fusion Core  
  64  11:31  Hellion  
  50  11:35  Medivac, Marine  
  50  11:39  Marine  
  45  11:43  Marine  
  42  11:48  Marine  
  43  11:57  Marine x2  
  36  12:05  Marauder, Medivac  
  38  12:15  SCV, Marauder  
  35  12:17  SCV  
  25  12:25  Marine  
  25  12:28  SCV  
  26  12:30  SCV  
Tags
 
Composition
MMM BioMMM Bio
Matchup
TvT
Race
Terran
Add a new tag
Caveats
  • Supply blocks, unpowered buildings, or Contaminate may cause inaccurate times.
  • Supply counts are checked every 10 seconds.